Cogmind - Beta 12 @@@ ROGUE MODE // 2023.08.08 @ 00:10:11 Player: Zailor Result: Destroyed by Cetus Guard with Advanced Variable Charge Gun Performance ------------- Evolutions (4) 2000 Regions Visited (8) 1600 Robots Destroyed (67) 335 Value Destroyed (2666) 2666 Prototype IDs (7) 140 Alien Tech Used (0) 0 Bonus (69) 69 TOTAL SCORE: 6810 Bonus ------- High Alert Combat Kills 11 Follower Combat Kills 58 Cogmind --------- Core Integrity 0/850 Matter 24/300 Energy 100/100 System Corruption 3% Temperature Cool (9) Movement Flying (40) Location -6/Cetus Parts ------- > --- POWER (1) -------- (None) > --- PROPULSION (4) --- Xenon Bombardment Thruster > --- UTILITY (7) ------ Machine Analyzer Advanced Visual Processing Unit Core Analyzer > --- WEAPON (3) ------- Great Axe > --- INVENTORY (5) ---- Improved Cooling System Advanced Sensor Array Improved Terrain Scanner Heavy Beamcaster Peak State ------------ > --- POWER ------------ Angular-Deuterium Engine > --- PROPULSION ------- Carbon-fiber Leg Carbon-fiber Leg Myomer-FC Exoskeleton > --- UTILITY ---------- Armored Scrap Engine Huge Storage Unit Machine Analyzer Advanced Visual Processing Unit Core Analyzer > --- WEAPON ----------- Axe Great Axe Phasing Sabre > --- INVENTORY -------- Fusion Compressor Fusion Compressor Fusion Compressor Xenon Bombardment Thruster Improved Cooling System Improved Cooling System Advanced Sensor Array Advanced Sensor Array Improved Terrain Scanner EM Disruption Field Arc Projector Heavy Assault Rifle Heavy Assault Rifle Grenade Launcher Rocket Launcher Long-range Missile Launcher Mining Claw Great Axe [Rating: 69] Favorites ----------- Power Heavy Ion Engine Engine Heavy Ion Engine Power Core Fusion Compressor Propulsion Constructs Treads Medium Treads Leg Constructs Wheel Compact Wheel Flight Unit Xenon Bombardment Thruster Utility Huge Storage Unit Device Armored Scrap Engine Storage Huge Storage Unit Processor Core Analyzer Hackware Hacking Suite Protection Hardened Light Armor Plating Weapon Great Axe Energy Gun Constructs Ballistic Gun Light Assault Rifle Launcher Long-range Missile Launcher Slashing Weapon Great Axe Build | -11 -10 -9 -9 -9 -7 -6 -6 -6 ------- Run | Jun Mat Mat Sto Rec Fac Fac Ext Cet Slots Evolved 8 | . . 2 . . 4 2 . . Power . | . . . . . . . . . Propulsion 2 | . . . . . 1 1 . . Utility 5 | . . 2 . . 3 . . . Weapon 1 | . . . . . . 1 . . Parts Attached 81 | 5 2 4 28 4 10 11 16 1 Power 7 | 1 . . 4 . . 1 1 . Engine 6 | 1 . . 4 . . 1 . . Core 1 | . . . . . . . 1 . Reactor . | . . . . . . . . . Propulsion 23 | 1 1 . 7 2 2 4 6 . Treads 6 | . . . 2 . . 2 2 . Leg 7 | . . . 4 . . . 3 . Wheel 9 | 1 1 . 1 2 2 2 . . Hover . | . . . . . . . . . Flight 1 | . . . . . . . 1 . Utility 27 | 1 1 3 8 2 6 4 2 . Device 7 | . . . 3 1 1 . 2 . Storage 3 | 1 . 1 . 1 . . . . Processor 7 | . 1 1 1 . 2 2 . . Hackware 2 | . . . . . . 2 . . Protection 8 | . . 1 4 . 3 . . . Artifact . | . . . . . . . . . Weapon 24 | 2 . 1 9 . 2 2 7 1 Energy Gun 6 | 1 . 1 4 . . . . . Energy Cannon . | . . . . . . . . . Ballistic Gun 5 | 1 . . 3 . . . 1 . Ballistic Cannon . | . . . . . . . . . Launcher 4 | . . . 1 . . . 3 . Special Weapon . | . . . . . . . . . Impact Weapon . | . . . . . . . . . Slashing Weapon 9 | . . . 1 . 2 2 3 1 Piercing Weapon . | . . . . . . . . . Special Melee Weapon . | . . . . . . . . . Unidentified Prototypes 3 | . . . 3 . . . . . Corrupted Parts 1 | . . . 1 . . . . . System Corruption 3 | . . . 3 . . . . . Parts Lost 46 | . . . 17 . . 8 19 2 Power 7 | . . . 2 . . 2 2 1 Propulsion 13 | . . . 3 . . 2 8 . Utility 9 | . . . 4 . . 3 1 1 Weapon 17 | . . . 8 . . 1 8 . Highest Loss Streak 9 | . . . 9 . . 3 8 2 To Critical Strikes 1 | . . . . . . . . 1 Average Slot Usage (%) 82 | . 93 97 85 88 84 80 73 41 Engine 6 | . 14 11 10 11 7 3 3 . Core 1 | . . . . . . 2 2 4 Treads 3 | . . . . . . 7 5 . Leg 5 | . . . 12 1 . 2 10 . Wheel 9 | . 23 22 5 20 19 7 . . Device 6 | . . . 5 11 7 6 6 4 Storage 8 | . 14 11 11 11 7 6 5 . Processor 16 | . 11 20 13 11 14 18 20 20 Protection 5 | . . 9 10 . 14 3 . . Energy Gun 2 | . 14 11 3 . . 3 1 . Ballistic Gun 3 | . 14 11 4 11 . . . . Slashing Weapon 8 | . . . 7 11 7 10 13 4 Naked Turns . | . . . . . . . . . Heaviest Build 111 | 13 13 34 40 95 106 111 103 10 Greatest Support 60 | 16 26 26 26 26 39 59 60 6 Greatest Overweight (x) 9 | . . 1 3 4 9 2 6 1 Average Overweight (x) 1 | . . . 1 2 2 1 1 . Largest Inventory Capacity 25 | 8 8 15 15 25 25 25 25 5 Average Capacity 20 | 7 8 13 15 24 25 25 24 5 Most Carried 22 | 7 8 10 15 16 18 18 22 5 Average Carried 14 | 3 7 7 12 14 14 15 18 4 Final Capacity 25 | 8 8 15 15 25 25 25 5 5 Final Carried 18 | 7 8 10 15 16 18 18 5 4 Scrap Engine Consumption 96 | . . . . . 19 57 20 . Constructs Created 9 | . . . . . 2 3 4 . Constructs Modified 31 | . . . . . . 21 10 . Class Distribution -------------------- 90% | Mutant 7% | Scavenger-Mutant Dominant Class ---------------- Mutant | -10/Materials Mutant | -9/Materials Mutant | -9/Storage Mutant | -9/Recycling Mutant | -7/Factory Mutant | -6/Factory Mutant | -6/Extension Mutant | -6/Cetus Resources | -11 -10 -9 -9 -9 -7 -6 -6 -6 ----------- Run | Jun Mat Mat Sto Rec Fac Fac Ext Cet Matter Collected 1617 | 250 20 49 497 51 43 462 245 . Remotely . | . . . . . . . . . Salvage Created 3593 | 119 14 186 1240 . 43 1118 873 . Parts 167 | 4 5 16 56 . 4 46 36 . Haulers Intercepted . | . . . . . . . . . Recyclers Shooed 6 | . . . 2 . . 4 . . Parts Field Recycled . | . . . . . . . . . Retrieved Matter . | . . . . . . . . . Parts Self-Destructed . | . . . . . . . . . Prevented . | . . . . . . . . . Kills | -11 -10 -9 -9 -9 -7 -6 -6 -6 ------- Run | Jun Mat Mat Sto Rec Fac Fac Ext Cet Combat Hostiles Destroyed 52 | . . 4 21 . 1 11 15 . Melee 30 | . . . 6 . 1 11 12 . Guns 16 | . . 4 12 . . . . . AOE 6 | . . . 3 . . . 3 . Classes Destroyed 14 | 2 1 2 4 . 1 2 2 . Worker 1 | . . . 1 . . . . . Builder 1 | . . . . . . . 1 . Tunneler 1 | 1 . . . . . . . . Recycler 10 | 1 . . 5 . . 3 1 . Watcher 2 | . 1 . 1 . . . . . Grunt 24 | . . 2 13 . . 4 5 . Brawler 2 | . . . 2 . . . . . Duelist 1 | . . . 1 . . . . . Protector 1 | . . . 1 . . . . . Sentry 14 | . . 2 4 . . 2 6 . Specialist 2 | . . . . . . 2 . . Hunter 4 | . . . . . 1 1 2 . Programmer 2 | . . . . . . 2 . . Behemoth 2 | . . . . . . . 2 . Best Kill Streak 9 | 2 1 2 9 . 1 3 6 . Combat Bots Only 6 | . . 2 6 . 1 3 4 . Max Kills in Single Turn 2 | 1 1 1 2 . 1 1 2 . Gunslinging . | . . . . . . . . . Exploded 2 | . . . 2 . . . 1 . Melee 1 | . . . 1 . 1 1 1 . Uniques/NPCs Destroyed . | . . . . . . . . . Combat | -11 -10 -9 -9 -9 -7 -6 -6 -6 -------- Run | Jun Mat Mat Sto Rec Fac Fac Ext Cet Damage Taken 7539 | . 28 139 1830 . 421 1714 3263 144 Core 1200 | . . 13 288 . 38 181 594 86 Absorbed by Shields 77 | . . . . . . . 77 . Regen/Repaired (Parts) 783 | . . . . . . 440 343 . Core Remaining (%) 79 | 100 100 . . 24 94 . . . Volleys Fired 94 | 10 1 9 60 . . 3 11 . Largest 2 | 1 1 2 2 . . 1 2 . Hottest 110 | 40 40 70 110 . . 61 76 . Shots Fired 153 | 10 1 18 101 2 . 3 18 . Gun 132 | 10 1 18 97 2 . . 4 . Cannon 3 | . . . . . . 3 . . Launcher 18 | . . . 4 . . . 14 . Special . | . . . . . . . . . Kinetic 73 | . . 9 58 2 . . 4 . Thermal 26 | . . . 23 . . 3 . . Explosive 18 | . . . 4 . . . 14 . Electromagnetic 36 | 10 1 9 16 . . . . . Robot Hit Streak 26 | 4 2 6 14 5 . 8 26 . Robot Miss Streak 3 | 3 . 1 2 . . . . . Penetration Max . | . . . . . . . . . Secondary Targets 3 | . . . 3 . . . . . Max Gunslinging Chain 1 | . . . 1 . . . . . Shots Hit Robots 238 | 6 1 12 106 1 1 53 58 . Core Hits 128 | 2 1 6 49 . 1 24 45 . Critical Kills . | . . . . . . . . . Critical Parts Destroyed . | . . . . . . . . . Critical Strikes 11 | . . . 1 . . 3 7 . Sever 11 | . . . 1 . . 3 7 . Melee Attacks 156 | . . . 27 . 2 60 48 19 Impact . | . . . . . . . . . Slashing 156 | . . . 27 . 2 60 48 19 Piercing . | . . . . . . . . . Sneak Attacks 13 | . . . 8 . . 5 . . Combat Hostiles 1 | . . . . . . 1 . . Follow-up Attacks 15 | . . . . . . 5 10 . Damage Inflicted 7778 | 93 24 169 2637 15 41 2140 2659 . Guns 1401 | 93 24 169 1028 15 . . 72 . Cannons 78 | . . . . . . 78 . . Explosions 1596 | . . . 463 . . . 1133 . Melee 4703 | . . . 1146 . 41 2062 1454 . Ramming . | . . . . . . . . . Kinetic 664 | . . 38 539 15 . . 72 . Thermal 321 | . . . 243 . . 78 . . Explosive 1596 | . . . 463 . . . 1133 . Electromagnetic 494 | 93 24 131 246 . . . . . Impact . | . . . . . . . . . Slashing 4703 | . . . 1146 . 41 2062 1454 . Piercing . | . . . . . . . . . Highest Corruption 20 | . . . 20 20 . 3 3 3 Average Corruption 8 | . . . 19 20 . 1 3 3 Corruption Purged . | . . . . . . . . . Corruption Blocked . | . . . . . . . . . Effects 92 | . . . 31 31 . 9 18 3 Message Errors 22 | . . . 8 8 . 2 3 1 Matter Fused 18 | . . . 7 4 . 1 6 . Heat Flow Errors 11 | . . . 3 5 . 2 1 . Energy Discharges 16 | . . . 4 6 . 1 5 . Parts Fused 2 | . . . 1 1 . . . . Data Loss (minor) 13 | . . . 7 2 . 2 2 . Data Loss (major) 4 | . . . 1 1 . 1 . 1 Misfires 2 | . . . . 2 . . . . Alerts 4 | . . . . 2 . . 1 1 Overload Shots . | . . . . . . . . . Overflow Damage 374 | . . . 214 . . 145 15 . Projectiles . | . . . . . . . . . Explosions 24 | . . . 9 . . . 15 . Melee 350 | . . . 205 . . 145 . . Knockbacks . | . . . . . . . . . Impact . | . . . . . . . . . Kinetic . | . . . . . . . . . Secondary . | . . . . . . . . . Self-Inflicted Damage 100 | . . . 65 . . . 35 . Shots 6 | . . . 3 . . . 3 . Rammed . | . . . . . . . . . Targets Rammed . | . . . . . . . . . Kicked . | . . . . . . . . . Crushed . | . . . . . . . . . Highest Temperature 414 | 20 . 93 414 275 . 269 138 . Average Temperature 131 | 20 . 43 164 101 . 118 27 . Received Heat Transfer 2130 | . 18 63 693 . 48 390 882 36 Effects 12 | . . . 9 3 . . . . Shutdowns 2 | . . . 2 . . . . . Energy Bleed 1 | . . . 1 . . . . . Interference 3 | . . . . 3 . . . . Matter Decay 1 | . . . 1 . . . . . Damage (minor) 2 | . . . 2 . . . . . Damage (major) 3 | . . . 3 . . . . . Siege Activations . | . . . . . . . . . Robots Corrupted . | . . . . . . . . . Combat Hostiles . | . . . . . . . . . Parts Fried 1 | . . . 1 . . . . . Impact Corruptions . | . . . . . . . . . Robots Melted . | . . . . . . . . . Combat Hostiles . | . . . . . . . . . Parts Melted 1 | . . . 1 . . . . . Heat Transferred 703 | . . . 592 . . 111 . . Parts Sabotaged . | . . . . . . . . . Parts Stolen . | . . . . . . . . . Parts Stripped . | . . . . . . . . . Power Chain Reactions . | . . . . . . . . . Missiles Intercepted . | . . . . . . . . . Alert | -11 -10 -9 -9 -9 -7 -6 -6 -6 ------- Run | Jun Mat Mat Sto Rec Fac Fac Ext Cet Peak Influence 404 | 10 28 226 404 46 65 195 294 56 Initial 95 | . 6 11 94 46 50 21 95 40 Average 97 | 3 21 105 210 27 42 71 121 49 Maximum Alert Level 2 | . . 1 2 . . . 1 . Low Security (%) 87 | 100 100 89 44 100 100 100 92 100 Level 1 12 | . . 10 55 . . . 7 . Level 2 . | . . . . . . . . . Level 3 . | . . . . . . . . . Level 4 . | . . . . . . . . . Level 5 . | . . . . . . . . . High Security . | . . . . . . . . . Max Security . | . . . . . . . . . Squads Dispatched 17 | . . 2 4 . 3 7 1 . Investigation 4 | . . . 1 . 1 2 . . Extermination 2 | . . . . . . 2 . . Reinforcement 9 | . . 2 1 . 2 3 1 . Assault 2 | . . . 2 . . . . . Garrison . | . . . . . . . . . Intercept . | . . . . . . . . . Searches Triggered . | . . . . . . . . . Construction Impeded . | . . . . . . . . . Haulers Reinforced . | . . . . . . . . . Active Scanning Responses . | . . . . . . . . . Cargo Convoy Interrupts . | . . . . . . . . . Stealth | -11 -10 -9 -9 -9 -7 -6 -6 -6 --------- Run | Jun Mat Mat Sto Rec Fac Fac Ext Cet Distress Signals 6 | . . . 2 . . 1 2 1 Communications Jammed . | . . . . . . . . . Distress Signals . | . . . . . . . . . Times Spotted 109 | . 5 8 33 . 7 20 31 5 Peak Tracking Total 8 | . 5 2 6 . 4 5 8 5 Tactical Retreats 11 | . . 2 1 . . 6 2 . Traps | -11 -10 -9 -9 -9 -7 -6 -6 -6 ------- Run | Jun Mat Mat Sto Rec Fac Fac Ext Cet Traps Triggered 13 | . . . 1 . 2 3 7 . Indirectly . | . . . . . . . . . Trap Hack Attempts . | . . . . . . . . . Triggered . | . . . . . . . . . Disarmed . | . . . . . . . . . Reprogrammed . | . . . . . . . . . Reused . | . . . . . . . . . Traps Extracted . | . . . . . . . . . Installed . | . . . . . . . . . Triggered . | . . . . . . . . . Machines | -11 -10 -9 -9 -9 -7 -6 -6 -6 ---------- Run | Jun Mat Mat Sto Rec Fac Fac Ext Cet Machines Disabled 4 | . . . 2 . . . 2 . Max in Single Turn 2 | . . . 1 . . . 2 . Machines Repaired . | . . . . . . . . . Machines Sabotaged . | . . . . . . . . . Overloaded Fab Kills . | . . . . . . . . . Hacking | -11 -10 -9 -9 -9 -7 -6 -6 -6 --------- Run | Jun Mat Mat Sto Rec Fac Fac Ext Cet Machines Accessed 34 | . 1 . 6 7 4 10 6 . Terminals 28 | . 1 . 6 3 4 8 6 . Fabricators 1 | . . . . . . 1 . . Repair Stations . | . . . . . . . . . Recycling Units 4 | . . . . 4 . . . . Scanalyzers . | . . . . . . . . . Garrison Access 1 | . . . . . . 1 . . Total Hacks 61 | . 3 . 13 15 5 17 8 . Successful 22 | . 1 . 4 7 1 6 3 . Failed 39 | . 2 . 9 8 4 11 5 . Catastrophic 11 | . 1 . 2 1 3 2 2 . Database Lockouts . | . . . . . . . . . Manual 16 | . 3 . 6 3 2 1 1 . Terminals 48 | . 3 . 13 6 5 13 8 . Fabricators 3 | . . . . . . 3 . . Repair Stations . | . . . . . . . . . Recycling Units 9 | . . . . 9 . . . . Scanalyzers . | . . . . . . . . . Garrison Access 1 | . . . . . . 1 . . Terminal Hacks 16 | . 1 . 4 3 1 4 3 . Open Door 5 | . . . 2 . . 1 2 . Open DSF 1 | . . . . . . 1 . . Branch Access Points 1 | . . . . . . 1 . . Terminal Index 2 | . 1 . . . . . 1 . Alert Level 1 | . . . . 1 . . . . Unreport Threat 2 | . . . 1 1 . . . . Recall Reinforcements 1 | . . . . . . 1 . . Hauler Manifests 1 | . . . . 1 . . . . Zone Layout 2 | . . . 1 . 1 . . . Fabricator Hacks 1 | . . . . . . 1 . . Build 1 | . . . . . . 1 . . Repair Station Hacks . | . . . . . . . . . Recycling Unit Hacks 4 | . . . . 4 . . . . Report Inventory 4 | . . . . 4 . . . . Scanalyzer . | . . . . . . . . . Garrison Access Hacks . | . . . . . . . . . Unauthorized Hacks 1 | . . . . . . 1 . . Terminals 1 | . . . . . . 1 . . Assimilate 1 | . . . . . . 1 . . Fabricators . | . . . . . . . . . Repair Stations . | . . . . . . . . . Recycling Units . | . . . . . . . . . Scanalyzers . | . . . . . . . . . Garrison Access . | . . . . . . . . . Data Cores Recovered . | . . . . . . . . . Used . | . . . . . . . . . Hacking Detections 32 | . 1 . 6 5 4 10 6 . Full Trace Events 1 | . . . . 1 . . . . Feedback Events . | . . . . . . . . . Feedback Blocked . | . . . . . . . . . Robot Schematics Acquired . | . . . . . . . . . Robots Built 1 | . . . . . . 1 . . Authchips . | . . . . . . . . . Time 116 | . . . . . . 116 . . Total Robot Build Rating 3 | . . . . . . 3 . . Part Schematics Acquired . | . . . . . . . . . Parts Built . | . . . . . . . . . Authchips . | . . . . . . . . . Time . | . . . . . . . . . Total Part Build Rating . | . . . . . . . . . Parts Repaired . | . . . . . . . . . Time . | . . . . . . . . . Parts Recycled . | . . . . . . . . . Recycled Matter . | . . . . . . . . . Retrieved Matter . | . . . . . . . . . Retrieved Components . | . . . . . . . . . Parts Scanalyzed . | . . . . . . . . . Part Schematics Acquired . | . . . . . . . . . Parts Damaged . | . . . . . . . . . Bothacking | -11 -10 -9 -9 -9 -7 -6 -6 -6 ------------ Run | Jun Mat Mat Sto Rec Fac Fac Ext Cet Used RIF Installer . | . . . . . . . . . Robots Hacked . | . . . . . . . . . Non-combat . | . . . . . . . . . Combat . | . . . . . . . . . Robot Hacks Applied . | . . . . . . . . . Relay Couplers Released . | . . . . . . . . . Fabnet Peak Effective % . | . . . . . . . . . Robots Rewired 4 | . . . . . . . 4 . Allies Hacked . | . . . . . . . . . Hacks Repelled . | . . . . . . . . . Allies | -11 -10 -9 -9 -9 -7 -6 -6 -6 -------- Run | Jun Mat Mat Sto Rec Fac Fac Ext Cet Total Allies 8 | . . . 2 . . 1 5 . Largest Group 4 | . . . 2 . . 1 4 . Highest-Rated Group 134 | . . . 62 . . 26 134 . Highest-Rated Ally 39 | . . . 31 . . 26 39 . Total Orders 1 | . . . 1 . . . . . EXPLORE 1 | . . . 1 . . . . . Ally Attacks 44 | . . . 24 . . . 20 . Total Damage 539 | . . . 298 . . . 241 . Kills 3 | . . . 3 . . . . . Allies Corrupted . | . . . . . . . . . Allies Melted . | . . . . . . . . . Intel | -11 -10 -9 -9 -9 -7 -6 -6 -6 ------- Run | Jun Mat Mat Sto Rec Fac Fac Ext Cet Robot Analysis Total . | . . . . . . . . . Derelict Logs Recovered . | . . . . . . . . . Drone Launches 2 | . . . 2 . . . . . Drone Recoveries 2 | . . . 2 . . . . . Exploration | -11 -10 -9 -9 -9 -7 -6 -6 -6 ------------- Run | Jun Mat Mat Sto Rec Fac Fac Ext Cet Turns Passed 5780 | 95 240 318 1055 700 603 1495 1182 92 Spaces Moved 3113 | 64 243 253 449 497 405 684 447 71 Core 11 | 9 . . . . . . 2 . Treads 425 | . . . 16 . . 302 107 . Legs 527 | . . . 270 21 . . 236 . Wheels 1977 | 55 243 253 163 476 405 382 . . Hover . | . . . . . . . . . Flight 173 | . . . . . . . 102 71 Fastest Speed 40 | 50 90 90 105 135 120 120 40 40 Average Speed 151 | 92 92 101 164 137 139 183 197 52 Slowest Speed 578 | 100 100 105 330 400 578 240 540 120 Overloaded Moves . | . . . . . . . . . Propulsion Burnouts . | . . . . . . . . . Robots Hopped . | . . . . . . . . . Cave-ins Triggered . | . . . . . . . . . Exploration Rate (%) 38 | 6 37 18 80 87 17 21 59 23 Regions Visited 8 Branch Regions 4 Pre-discovered Areas . | . . . . . . . . . Known Exits Taken 2 | . . 1 . . . 1 . . Unknown Exits Taken 6 | 1 1 . 1 1 1 . 1 . Scrap Searched . | . . . . . . . . . Spaces Dug 20 | . . . 1 . . . . 19 Terrain Destroyed 120 | . . . 28 . . . 73 19 Melee 20 | . . . 1 . . . . 19 Projectile . | . . . . . . . . . AOE 100 | . . . 27 . . . 73 . Terrain Rammed . | . . . . . . . . . Walls Destroyed . | . . . . . . . . . Machines Disabled . | . . . . . . . . . Actions | -11 -10 -9 -9 -9 -7 -6 -6 -6 --------- Run | Jun Mat Mat Sto Rec Fac Fac Ext Cet Total 3803 | 87 258 303 620 513 443 827 660 92 Wait 187 | . 2 24 26 5 9 56 64 1 Move 3105 | 63 242 252 448 496 404 683 446 71 Hop . | . . . . . . . . . Pick Up 66 | 8 6 8 18 3 6 11 6 . Fast Attach 28 | 5 2 . 8 1 4 3 5 . Attach 36 | . . 2 14 . 4 6 9 1 Detach 20 | . . . 5 . 6 3 6 . Swap 17 | . . 2 6 3 2 2 2 . Drop 40 | 1 5 6 8 5 6 6 3 . Fire 94 | 10 1 9 60 . . 3 11 . Melee 139 | . . . 27 . 2 54 37 19 Ram . | . . . . . . . . . Kick . | . . . . . . . . . Crush . | . . . . . . . . . Escape Stasis 27 | . . . . . . . 27 . Rewire 44 | . . . . . . . 44 . Trap . | . . . . . . . . . Miscellaneous . | . . . . . . . . . Route ------- -11/Junkyard -10/Materials (discovered 2 exits: [*Mat] / [*Min]) -9/Materials -9/Storage -9/Recycling -7/Factory (discovered 2 exits: *Fac / [*Low]) -6/Factory (discovered 4 exits: *Low x2 / *Ext x2) -6/Extension (discovered 3 exits: [*Fac x2] / [*Cet]) -6/Cetus (discovered 1 exit: [*Fac]) History --------- Turn | Location | Event 14 | -11/Junkyard | Discovered new exit (range 13) 96 | -11/Junkyard | Entered Materials 224 | -10/Materials | Discovered new exit (range 8) 300 | -10/Materials | Discovered new exit (range 3) 314 | -10/Materials | Build established: Mutant 336 | -10/Materials | Entered another Materials area 336 | -9/Materials | Evolved 2 slots: Utility x2 547 | -9/Materials | Discovered new exit (range 7) 651 | -9/Materials | Identified exit to Storage 654 | -9/Materials | Entered Storage 922 | -9/Storage | Lost 4 parts (1p1n2w) 926 | -9/Storage | Met a pair of Derelict thieves 1010 | -9/Storage | Core integrity fell below 50% 1021 | -9/Storage | System corruption reached 10% 1068 | -9/Storage | Lost 9 parts (1n4u4w) 1701 | -9/Storage | Used back door to open Recycling access 1701 | -9/Storage | Discovered new exit (range 5) 1709 | -9/Storage | Entered Recycling 1726 | -9/Recycling | Found Scrap Engine 2262 | -9/Recycling | Discovered new exit (range 18) 2409 | -9/Recycling | Entered Factory 2409 | -7/Factory | Evolved 4 slots: Propulsion x1, Utility x3 2684 | -7/Factory | Discovered new exit (range 16) 2953 | -7/Factory | Discovered new exit (range 16) 3012 | -7/Factory | Entered another Factory area 3012 | -6/Factory | Evolved 2 slots: Propulsion x1, Weapon x1 3266 | -6/Factory | Fabricated O-24 Administrator? 3354 | -6/Factory | Lost 3 parts (1n1u1w) 3666 | -6/Factory | Lost 3 parts (1p1n1u) 3695 | -6/Factory | Identified exit to Lower Caves 3695 | -6/Factory | Identified exit to Extension 4507 | -6/Factory | Entered Extension 5087 | -6/Extension | Rescued a captive Derelict 5147 | -6/Extension | Core integrity fell below 50% 5219 | -6/Extension | Lost 8 parts (1p3n1u3w) 5434 | -6/Extension | Spotted B-75 Beast 5454 | -6/Extension | Spotted B-75 Beast 5493 | -6/Extension | Destroyed B-75 Beast 5498 | -6/Extension | Destroyed B-75 Beast 5561 | -6/Extension | Discovered new exit (range 3) 5640 | -6/Extension | Core integrity fell below 20% 5670 | -6/Extension | Lost 8 parts (1p3n4w) 5681 | -6/Extension | Discovered new exit (range 20) 5682 | -6/Extension | Discovered new exit (range 18) 5689 | -6/Extension | Entered Cetus 5694 | -6/Cetus | Spotted Cetus Guard 5696 | -6/Cetus | Spotted Cetus Guard 5698 | -6/Cetus | Spotted Cetus Guard 5699 | -6/Cetus | Spotted Cetus Guard 5705 | -6/Cetus | Discovered new exit (range 20) 5781 | -6/Cetus | Destroyed by Cetus Guard with Advanced Variable Charge Gun Last Messages --------------- 05686_ K-01 Serf enters Transfer Station. 05688_ T-07 Excavator enters Transfer Station. LOCATION=UNKNOWN GOAL=ESCAPE 05692_ System corrupted: Substantial component data lost. 05697_ W-25 Informer sends out distress signal. 05705_ EXIT=FOUND 05737_ CADBHMP,/%M4AL0AXN=FDH&7AMIWKVL 2 05746_ Slug penetrates Earth. 05758_ Fusion Compressor destroyed. 05758_ Slug penetrates Earth. 05763_ Penetrated by Slug. 05763_ Critical hit (Destroy). 05763_ Scrap Engine destroyed. 05764_ The unstable cave ceiling collapses. 05764_ Cetus Guard crushed by falling debris. 05768_ Slug penetrates Earth. 05770_ System corrupted: IFF burst signal emitted. 05774_ Slug penetrates Earth. 05778_ The unstable cave ceiling collapses. Map ----- +----------------------------------------------------+ | ?????????????????????????????????????????????????? | | ?????????????????????????????????????????????????? | | ?????????????????????????????????????????????????? | | ??????????????####???????????????????????????????? | | ??????????????# #??????????????????????????????? | | ??????????????# < #??????????????????????????????? | | ??????????????# #??????????????????????????????? | | ??????????????# ##?????????????????????????????? | | ??????????????# "##????????????????????????????? | | ??????????????# # #???????????????????????????? | | ??????????????# # ##??????????????????????????? | | ??????????????# ## ##?????????????????????????? | | ??????????????# #?## ##????????????????????????? | | ??????????????# #??## ##???????????????????????? | | ??????????????# #???## ##??????????????????????? | | ??????????????# #????## ##?????????????????????? | | ??????????????# #?????## #?????????????????????? | | ??????????????# #?????####?????????????????????? | | ??????????????# #?????# #?????????????????????? | | ??????????????# #????## ##????????????????????? | | ??????????????# #????# #????????????????????? | | ??????????????# #????## ##????????????????????? | | ??????????????# #????## #?????????????????????? | | ??????????????# #????## ##?????????????????????? | | ??????????????# #?????##Y#?????????????????????? | | ??????????????# #?????#@##?????????????????????? | | ??????????????# #?????## #?????????????????????? | | ??????????????# #???????##?????????????????????? | | ??????????????# #??????????????????????????????? | | ??????????????# #??????????????????????????????? | | ??????????????# #??????????????????????????????? | | ??????????????# #??????????????????????????????? | | ??????????????# #??????????????????????????????? | | ??????????????# #??????????????????????????????? | | ??????????????# #??????????????????????????????? | | ??????????????# #??????????????????????????????? | | ??????????????# #??????????????????????????????? | | ??????????????# #??????????????????????????????? | | ??????????????# #??????????????????????????????? | | ############### ###### #?????????????????????? | | +???????????????????? | | +???????????????????? | | +???????????????????? | | ######################## ###???????????????????? | | ??????????????????????????##?????????????????????? | | ?????????????????????????????????????????????????? | | ?????????????????????????????????????????????????? | | ?????????????????????????????????????????????????? | | ?????????????????????????????????????????????????? | | ?????????????????????????????????????????????????? | +----------------------------------------------------+ Best States ------------- Heat Dissipation 38 Energy Generation 25 Energy Capacity 314 Matter Stores 300 Matter Capacity 300 Sight Range 20 Terrain Scan Density 10 Armor Coverage 300 Resistance: EM 15 Evasion (%) 62 Targeting Accuracy 5 Core Analysis 6 Recoil Reduction 3 Offensive Hacking 12 Item Schematics ----------------- None Robot Schematics ------------------ None Fabricated ------------ O-24 Administrator | x1 | -6/Factory | Preloaded Alien Tech Used ----------------- None Achievements -------------- None Challenges ------------ None Game ------ Seed CommImpulseCompressor Manual? 0 Play Time 01:07:45 Cumulative 146.7 hours Start 2023.08.04 @ 09:45:50 End 2023.08.08 @ 00:10:11 Sessions 3 Manual Loads 0 Difficulty Rogue Special Mode None Game No. 139 Rogue 139 Adventurer 0 Explorer 0 Win Type - Total 5 Types 4/0/0/1/0/0/0/0/0 Lore% 59 Gallery% 63 Achievement% 55 Wizard Run 0 Options --------- ASCII 0 Keyboard 1 Movement Vi Keybinds 0 Fullscreen 1 Font 24/Proggy Map View 76x50 Tactical HUD 1 Map Filters NONE Filters NONE Steam 1 RUN: e635bb59-8b32-4bbc-acbe-76747dae79c8